 Dungeon Crawl Stone Soup version 0.30-a0-756-gc2185399d4 (webtiles) character file.

Game seed: 8537419658681234246

97 epen the Magician (level 4, 0/34 HPs)
             Began as a Gnoll Wanderer on Feb 9, 2023.
             Slain by a kobold
             ... wielding a +0 short sword
              (4 damage)
             ... on level 3 of the Dungeon.
             The game lasted 00:03:00 (2166 turns).

epen the Magician (Gnoll Wanderer)                  Turns: 2166, Time: 00:03:00

Health: 0/34       AC:  3    Str: 11    XL:     4   Next: 68%
Magic:  13/13      EV: 12    Int: 12    God:
Gold:   202        SH:  0    Dex: 13    Spells: 16/17 levels left

rFire   . . .      SeeInvis .    g - +1 short sword (elec)
rCold   . . .      Faith    .    r - orb {*channel}
rNeg    . . .      Spirit   .    c - +0 robe
rPois   .          Reflect  .    f - +0 helmet
rElec   .          Harm     .    (no cloak)
rCorr   .          Rampage  .    (no gloves)
Will    .....                    (no boots)
Stlth   ++                       (no amulet)
HPRegen 0.25/turn                (no ring)
MPRegen 0.13/turn                (no ring)

@: no status effects
A: fangs 1, strong nose, distributed training
a: no special abilities


You were on level 3 of the Dungeon.
You visited 1 branch of the dungeon, and saw 3 of its levels.

You collected 202 gold pieces.

Inventory:

Hand Weapons
 a - a +1 mace
 g - a +1 short sword of electrocution (weapon)
Armour
 c - a +0 robe (worn)
 f - a +0 helmet (worn)
 r - an orb of energy (worn)
Jewellery
 n - a ring of fire
 o - a ring of fire
Wands
 u - a wand of iceblast (9)
Scrolls
 b - 3 scrolls of fog
 d - 2 scrolls of identify {unknown}
 e - 2 scrolls of vulnerability {unknown}
 k - 3 scrolls of blinking {unknown}
 l - a scroll of enchant weapon {unknown}
 p - a scroll of amnesia {unknown}
 s - a scroll of poison {unknown}
Potions
 h - 3 potions of curing {unknown}
 i - a potion of invisibility {unknown}
 j - 2 potions of haste {unknown}
 m - a potion of brilliance {unknown}
 q - a potion of degeneration {unknown}
 t - a potion of berserk rage {unknown}


   Skills:
 + Level 2.8 Fighting
 + Level 1.2 Short Blades
 + Level 1.2 Long Blades
 + Level 1.2 Axes
 + Level 6.6 Maces & Flails
 + Level 1.2 Polearms
 + Level 1.2 Staves
 + Level 1.2 Ranged Weapons
 + Level 1.2 Throwing
 + Level 1.2 Armour
 + Level 1.2 Dodging
 + Level 2.6 Stealth
 + Level 1.2 Shields
 + Level 1.2 Unarmed Combat
 + Level 7.2 Spellcasting
 + Level 1.0 Conjurations
 + Level 1.0 Hexes
 + Level 1.0 Summonings
 + Level 1.0 Necromancy
 + Level 1.0 Translocations
 + Level 1.0 Transmutations
 + Level 1.0 Fire Magic
 + Level 1.0 Ice Magic
 + Level 1.0 Air Magic
 + Level 1.0 Earth Magic
 + Level 1.0 Poison Magic
 + Level 1.4 Invocations
 + Level 2.8 Evocations


You had 16 spell levels left.
You knew the following spells:

 Your Spells              Type           Power      Damage    Failure   Level
a - Summon Small Mammal   Summ           24%        N/A       11%         1

Your spell library contained the following spells:

 Spells                   Type           Power      Damage    Failure   Level
 Shock                    Conj/Air       24%        1d4       11%         1
 Sting                    Tmut/Pois      24%        1d4       11%         1
 Cigotuvi's Dreadful Rot  Necr/Pois/Air  12%        N/A       16%         2
 Hailstorm                Conj/Ice       6%         3d4       30%         3
 Ice Form                 Ice/Tmut       6%         N/A       71%         4
 Simulacrum               Ice/Necr       3%         N/A       100%        6


Dungeon Overview and Level Annotations

Branches:
Dungeon (3/15)

Altars:


Innate Abilities, Weirdness & Mutations

You have very sharp teeth.
Your uncanny sense of smell can sniff out nearby items.
Your experience applies equally to all skills.


Message History

You closely miss the adder.
The adder is heavily wounded.
The adder misses you.
You hit the adder.
The adder is heavily wounded.
The adder closely misses you.
You completely miss the adder. Your bite misses the adder.
The adder is heavily wounded.
The adder misses you.
You barely miss the adder.
The adder is heavily wounded.
The adder closely misses you.
You hit the adder.
You kill the adder!
You completely miss the goblin. You bite the goblin.
The goblin is moderately wounded.
The goblin hits you with a +0 club.
* * * LOW HITPOINT WARNING * * *
You closely miss the goblin.
The goblin is moderately wounded.
The goblin closely misses you.
You hit the goblin but do no damage.
The goblin is moderately wounded.
The goblin hits you with a +0 club.
* * * LOW HITPOINT WARNING * * *
You hit the goblin.
The goblin is heavily wounded.
The goblin hits you with a +0 club.
* * * LOW HITPOINT WARNING * * *
The dart slug briefly extends its eye-stalks.
You hit the goblin.
You kill the goblin!
You hit the kobold. Your bite misses the kobold.
The kobold is moderately wounded.
The kobold hits you with a +0 short sword.
* * * LOW HITPOINT WARNING * * *
You closely miss the kobold.
The kobold is moderately wounded.
The kobold hits you with a +0 short sword.
You die...

.<#...............####.#....#....
..###.......##..............#....
.............##....#.............
.............##....#.....Sw...###
......................# #.....)..
............#...##....###...)))..
............#...##.>....)...)....
......####......##.......?#......
...... #......@Kw.......####.##
#.....###....##### .. #....
#........ # #... #........# #..
#........# .. #........# .
.......... .......


You could see a dart slug and a kobold.

Vanquished Creatures
  Robin (D:3)
  2 adders
  2 worms (D:2)
  5 endoplasms
  A giant cockroach (D:1)
  15 goblins
  5 hobgoblins
  3 jackals (D:2)
  3 quokkas (D:1)
  6 ball pythons (D:1)
  4 bats
  2 frilled lizards
  5 kobolds
  5 rats
59 creatures vanquished.

Notes
Turn   | Place    | Note
-------+----------+-------------------------------------------
     0 | D:1      | epen the Gnoll Wanderer began the quest for the Orb.
     0 | D:1      | epen set off with the following items: a +1 mace, a scroll
                  | of fog, a +0 robe; and the following spells available to
                  | memorise: Shock, Sting, Summon Small Mammal, Cigotuvi's
                  | Dreadful Rot.
     0 | D:1      | Reached XP level 1. HP: 17/17 MP: 8/8
    25 | D:1      | Learned a level 1 spell: Summon Small Mammal
   374 | D:1      | Reached XP level 2. HP: 23/23 MP: 10/10
   785 | D:1      | Reached XP level 3. HP: 28/28 MP: 11/11
  1201 | D:2      | Reached skill level 1 in Invocations
  1592 | D:2      | Reached skill level 1 in Short Blades
  1592 | D:2      | Reached skill level 1 in Long Blades
  1592 | D:2      | Reached skill level 1 in Axes
  1592 | D:2      | Reached skill level 1 in Polearms
  1592 | D:2      | Reached skill level 1 in Staves
  1592 | D:2      | Reached skill level 1 in Ranged Weapons
  1592 | D:2      | Reached skill level 1 in Throwing
  1592 | D:2      | Reached skill level 1 in Armour
  1592 | D:2      | Reached skill level 1 in Dodging
  1592 | D:2      | Reached skill level 1 in Shields
  1592 | D:2      | Reached skill level 1 in Unarmed Combat
  1747 | D:2      | Reached XP level 4. HP: 15/34 MP: 13/13
  2127 | D:3      | Noticed Robin
  2132 | D:3      | Killed Robin
  2133 | D:3      | Reached skill level 1 in Conjurations
  2133 | D:3      | Reached skill level 1 in Hexes
  2133 | D:3      | Reached skill level 1 in Summonings
  2133 | D:3      | Reached skill level 1 in Necromancy
  2133 | D:3      | Reached skill level 1 in Translocations
  2133 | D:3      | Reached skill level 1 in Transmutations
  2133 | D:3      | Reached skill level 1 in Fire Magic
  2133 | D:3      | Reached skill level 1 in Ice Magic
  2133 | D:3      | Reached skill level 1 in Air Magic
  2133 | D:3      | Reached skill level 1 in Earth Magic
  2133 | D:3      | Reached skill level 1 in Poison Magic
  2166 | D:3      | Slain by a kobold

Illustrated notes

Levels and vault maps discovered:
D:1:      elethiomel_arrival_infinity_welcomes_careful_drivers,
          layout_loops_corners, moated_statue, minmay_vboxes
D:2:      layout_loops_cross, kennysheep_flooded_box
D:3:      minmay_bubble_buster, layout_basic, minmay_unequal, uniq_robin

Skill      XL: |  1  2  3  4 |
---------------+-------------+-----
Invocations    | 1 |  1.4
Short Blades   | 1 |  1.2
Long Blades    | 1 |  1.2
Axes           | 1 |  1.2
Polearms       | 1 |  1.2
Staves         | 1 |  1.2
Ranged Weapons | 1 |  1.2
Throwing       | 1 |  1.2
Armour         | 1 |  1.2
Dodging        | 1 |  1.2
Shields        | 1 |  1.2
Unarmed Combat | 1 |  1.2
Conjurations   | 1 |  1.0
Hexes          | 1 |  1.0
Summonings     | 1 |  1.0
Necromancy     | 1 |  1.0
Translocations | 1 |  1.0
Transmutations | 1 |  1.0
Fire Magic     | 1 |  1.0
Ice Magic      | 1 |  1.0
Air Magic      | 1 |  1.0
Earth Magic    | 1 |  1.0
Poison Magic   | 1 |  1.0
Fighting       | |  2.8
Maces & Flails | |  6.6
Stealth        | |  2.6
Spellcasting   | |  7.2
Evocations     | |  2.8

Action                     |  1- 3 |  4- 6 || total
---------------------------+-------+-------++-------
  Melee: Mace              |    33 |       ||    33
         Bite              |    11 |     3 ||    14
         Short sword       |   110 |    29 ||   139
  Evoke: Wand              |       |     4 ||     4
   Stab: Sleeping          |     8 |       ||     8
 Armour: Robe              |    37 |    11 ||    48
  Dodge: Dodged            |    83 |    28 ||   111

Table legend: (Time is in decaauts)
 A = Elapsed time spent in this place.
 B = Non-inter-level travel time spent in this place.
 C = Inter-level travel time spent in this place.
 D = Time resting spent in this place.
 E = Time spent auto-exploring this place.
 F = Levels seen in this place.
 G = Mean time per level.
                   A        B        C        D        E       F      G
               +--------+--------+--------+--------+--------+-----+--------+
         Total |   2162 |   2115 |     47 |     61 |   1676 |   3 |  720.7 |
       Dungeon |   2162 |   2115 |     47 |     61 |   1676 |   3 |  720.7 |
               +--------+--------+--------+--------+--------+-----+--------+

Top non-repeatable levels by time:
     D:1: 1187 daAuts
     D:2: 897 daAuts
     D:3: 77 daAuts
